BLB
SEATTLE PILOTS @ WASHINGTON BATS
08/16/2059
 
TOP OF THE 1ST
Seattle Pilots batting - Pitching for Washington Bats : RHP J.P. Lovins
Pitching: RHP J.P. Lovins
Batting: RHB Rice Mesyan 0-0: Ball
1-0: Swinging Strike
1-1: Called Strike
1-2: Ground out 6-3 (Groundball, 6, EV 85.0 MPH)
Batting: RHB Douglas Morrison 0-0: Called Strike
0-1: Ball
1-1: Called Strike
1-2: Ground out 4-3 (Groundball, 4, EV 81.9 MPH)
Batting: LHB Cade McCormick 0-0: Called Strike
0-1: Ball
1-1: DOUBLE (Flyball, 9LD, EV 93.1 MPH)
Batting: RHB Jerry Coleman 0-0: Ball
1-0: Swinging Strike
1-1: Called Strike
1-2: Strikes out swinging
Top of the 1st over - 0 runs, 1 hit, 0 errors, 1 left on base; Seattle 0 - Washington 0
BOTTOM OF THE 1ST
Washington Bats batting - Pitching for Seattle Pilots : LHP Conner Cook
Pitching: LHP Conner Cook
Batting: RHB Julian Ludin 0-0: Called Strike
0-1: Ball
1-1: Fly out, F8 (Flyball, 8RD, EV 101.2 MPH)
Batting: RHB Owen Dooley 0-0: Called Strike
0-1: Ball
1-1: Called Strike
1-2: Strikes out looking
Batting: RHB Hayden Jones 0-0: Fly out, F7 (Flyball, 78D, EV 93.1 MPH)
Bottom of the 1st over - 0 runs, 0 hits, 0 errors, 0 left on base; Seattle 0 - Washington 0
TOP OF THE 2ND
Seattle Pilots batting - Pitching for Washington Bats : RHP J.P. Lovins
Batting: RHB Beau Pruett 0-0: Swinging Strike
0-1: Ball
1-1: Foul Ball, location: 2F
1-2: Ball
2-2: Ground out 5-3 (Groundball, 56, EV 100.6 MPH)
Batting: LHB Ryan Carr 0-0: Ground out 4-3 (Groundball, 4S, EV 73.8 MPH)
Batting: LHB Joseph Brandon 0-0: Ball
1-0: Swinging Strike
1-1: Foul Ball, location: 2F
1-2: Strikes out swinging
Top of the 2nd over - 0 runs, 0 hits, 0 errors, 0 left on base; Seattle 0 - Washington 0
BOTTOM OF THE 2ND
Washington Bats batting - Pitching for Seattle Pilots : LHP Conner Cook
Batting: RHB Louis Hockney 0-0: Ball
1-0: Foul Ball, location: 2F
1-1: Ball
2-1: DOUBLE (Line Drive, 9LS, EV 108.8 MPH)
Batting: RHB Ken Daly 0-0: Ball
1-0: Swinging Strike
1-1: SINGLE (Line Drive, 5D, EV 99.4 MPH)
Louis Hockney to third
Batting: RHB Sean McReynolds 0-0: Fly out, F9 (Flyball, 9, EV 84.4 MPH)
Runner from 3rd tags up, OUT at HOME! 9-2
Ken Daly to second
Batting: LHB Evan Wilson 0-0: Ball
1-0: Swinging Strike
1-1: Foul Ball, location: 2F
1-2: Strikes out swinging
Bottom of the 2nd over - 0 runs, 2 hits, 0 errors, 1 left on base; Seattle 0 - Washington 0
TOP OF THE 3RD
Seattle Pilots batting - Pitching for Washington Bats : RHP J.P. Lovins
Batting: RHB Cole Kleiner 0-0: Ball
1-0: Ground out 4-3 (Groundball, 4, EV 107.5 MPH)
Batting: RHB Kynan Shaw 0-0: Ball
1-0: Ball
2-0: Called Strike
2-1: Swinging Strike
2-2: Fly out, F2 (Popup, 25F, EV 80.6 MPH)
Batting: RHB Rice Mesyan 0-0: Called Strike
0-1: Ball
1-1: Ball
2-1: Ball
3-1: Foul Ball, location: 2F
3-2: Ground out 4-3 (Groundball, 4, EV 86.9 MPH)
Top of the 3rd over - 0 runs, 0 hits, 0 errors, 0 left on base; Seattle 0 - Washington 0
BOTTOM OF THE 3RD
Washington Bats batting - Pitching for Seattle Pilots : LHP Conner Cook
Batting: SHB Josiah White 0-0: Ball
1-0: Fly out, F9 (Flyball, 89S, EV 92.5 MPH)
Batting: RHB Colby Toothaker 0-0: Foul Ball, location: 2F
0-1: Called Strike
0-2: Ball
1-2: Foul Ball, location: 2F
1-2: Foul Ball, location: 2F
1-2: Strikes out swinging
Batting: RHB Julian Ludin 0-0: Ball
1-0: Ball
2-0: Foul Ball, location: 2F
2-1: Ground out 4-3 (Groundball, 4, EV 104.4 MPH)
Bottom of the 3rd over - 0 runs, 0 hits, 0 errors, 0 left on base; Seattle 0 - Washington 0
TOP OF THE 4TH
Seattle Pilots batting - Pitching for Washington Bats : RHP J.P. Lovins
Batting: RHB Douglas Morrison 0-0: Ball
1-0: Ground out 4-3 (Groundball, 4, EV 79.4 MPH)
Batting: LHB Cade McCormick 0-0: Ball
1-0: Called Strike
1-1: Ball
2-1: Foul Ball, location: 2F
2-2: SINGLE (Line Drive, 78S, EV 91.2 MPH)
Batting: RHB Jerry Coleman 0-0: Ball
1-0: Foul Ball, location: 2F
1-1: Ball
2-1: Swinging Strike
2-2: Strikes out swinging
Batting: RHB Beau Pruett 0-0: Swinging Strike
0-1: Ball
1-1: Called Strike
1-2: Strikes out swinging
Top of the 4th over - 0 runs, 1 hit, 0 errors, 1 left on base; Seattle 0 - Washington 0
BOTTOM OF THE 4TH
Washington Bats batting - Pitching for Seattle Pilots : LHP Conner Cook
Batting: RHB Owen Dooley 0-0: Ground out 5-3 (Groundball, 5S, EV 66.9 MPH)
Batting: RHB Hayden Jones 0-0: SINGLE (Groundball, 6MD, EV 96.2 MPH)
Batting: RHB Louis Hockney 0-0: Ball
1-0: Ball
2-0: Swinging Strike
2-1: Foul Ball, location: 2F
2-2: Foul Ball, location: 2F
2-2: Ball
3-2: Base on Balls
Hayden Jones to second
Batting: RHB Ken Daly 0-0: Ball
1-0: Foul Ball, location: 2F
1-1: Fly out, F4 (Popup, 4D, EV 52.5 MPH)
Batting: RHB Sean McReynolds 0-0: Called Strike
0-1: Swinging Strike
0-2: Ball
1-2: Strikes out swinging
Bottom of the 4th over - 0 runs, 1 hit, 0 errors, 2 left on base; Seattle 0 - Washington 0
TOP OF THE 5TH
Seattle Pilots batting - Pitching for Washington Bats : RHP J.P. Lovins
Batting: LHB Ryan Carr 0-0: Called Strike
0-1: Swinging Strike
0-2: Ball
1-2: Ball
2-2: Foul Ball, location: 2F
2-2: Ball
3-2: Base on Balls
Batting: LHB Joseph Brandon 0-0: Called Strike
0-1: Ball
1-1: Fly out, F3 (Line Drive, 3, EV 68.8 MPH)
Lined into DP, U3 (Line Drive, 3, EV 63.1 MPH)
Batting: RHB Cole Kleiner 0-0: Ball
1-0: Fly out, F9 (Flyball, 89M, EV 91.9 MPH)
Top of the 5th over - 0 runs, 0 hits, 0 errors, 0 left on base; Seattle 0 - Washington 0
BOTTOM OF THE 5TH
Washington Bats batting - Pitching for Seattle Pilots : LHP Conner Cook
Batting: LHB Evan Wilson 0-0: Ball
1-0: Ball
2-0: Foul Ball, location: 2F
2-1: Foul Ball, location: 2F
2-2: Ground out 2-3 (Groundball, 2R, EV 76.2 MPH)
Batting: SHB Josiah White 0-0: Swinging Strike
0-1: Swinging Strike
0-2: Ball
1-2: Strikes out swinging
Batting: RHB Colby Toothaker 0-0: Ball
1-0: Ball
2-0: Swinging Strike
2-1: DOUBLE (Line Drive, 89M, EV 93.8 MPH)
Batting: RHB Julian Ludin 0-0: Called Strike
0-1: Ball
1-1: Called Strike
1-2: Ball
2-2: Strikes out looking
Bottom of the 5th over - 0 runs, 1 hit, 0 errors, 1 left on base; Seattle 0 - Washington 0
TOP OF THE 6TH
Seattle Pilots batting - Pitching for Washington Bats : RHP J.P. Lovins
Batting: RHB Kynan Shaw 0-0: Called Strike
0-1: Ball
1-1: Ball
2-1: Ball
3-1: Called Strike
3-2: Base on Balls
Batting: RHB Rice Mesyan 0-0: Called Strike
Kynan Shaw steals 2nd base
0-1: Ball
1-1: Ball
2-1: Called Strike
2-2: Fly out, F9 (Flyball, 89S, EV 87.5 MPH)
Batting: RHB Douglas Morrison 0-0: Called Strike
0-1: Called Strike
0-2: Ball
1-2: Ball
2-2: Strikes out swinging
Batting: LHB Cade McCormick 0-0: Ball
1-0: Ball
2-0: Swinging Strike
2-1: Foul Ball, location: 2F
2-2: Ball
3-2: Base on Balls
Batting: RHB Jerry Coleman 0-0: Ball
1-0: Fielders Choice at 2nd, 5-4 (Groundball, 5, EV 85.6 MPH)
Top of the 6th over - 0 runs, 0 hits, 0 errors, 2 left on base; Seattle 0 - Washington 0
BOTTOM OF THE 6TH
Washington Bats batting - Pitching for Seattle Pilots : LHP Conner Cook
Batting: RHB Owen Dooley 0-0: Fly out, F8 (Flyball, 8RM, EV 88.8 MPH)
Batting: RHB Hayden Jones 0-0: Ball
1-0: Called Strike
1-1: Ball
2-1: Swinging Strike
2-2: Foul Ball, location: 2F
2-2: Strikes out looking
Batting: RHB Louis Hockney 0-0: Called Strike
0-1: Swinging Strike
0-2: Ball
1-2: Ball
2-2: Strikes out looking
Bottom of the 6th over - 0 runs, 0 hits, 0 errors, 0 left on base; Seattle 0 - Washington 0
TOP OF THE 7TH
Seattle Pilots batting - Pitching for Washington Bats : RHP J.P. Lovins
Batting: RHB Beau Pruett 0-0: Foul Ball, location: 2F
0-1: Foul Ball, location: 2F
0-2: Foul Ball, location: 2F
0-2: Hit by Pitch
Batting: LHB Ryan Carr 0-0: Ball
1-0: Called Strike
1-1: Ball
2-1: Called Strike
2-2: Foul Ball, location: 2F
2-2: Reached on error, E4 (Groundball, 34, EV 91.2 MPH)
Beau Pruett to second
Pitching: LHP Ralph Shields
Pinch Hitting: RHB Dalton Howland 0-0: Ball
1-0: Ball
2-0: Ball
3-0: Base on Balls
Beau Pruett to third
Ryan Carr to second
Pitching: RHP Brock Bumbarger
Batting: RHB Cole Kleiner 0-0: Grounds into double play, 5-2-3 (Groundball, 56S, EV 71.9 MPH)
Ryan Carr to third
Dalton Howland to second
Batting: RHB Kynan Shaw 0-0: Ball
1-0: Foul Ball, location: 2F
1-1: TRIPLE (Flyball, 89XD, EV 94.4 MPH)
Ryan Carr scores
Dalton Howland scores
Batting: RHB Rice Mesyan 0-0: Ball
1-0: Ball
2-0: Ground out 6-3 (Groundball, 6S, EV 71.2 MPH)
Top of the 7th over - 2 runs, 1 hit, 1 error, 1 left on base; Seattle 2 - Washington 0
BOTTOM OF THE 7TH
Washington Bats batting - Pitching for Seattle Pilots : LHP Conner Cook
Now in LF: Karviar Smallwood
Batting: RHB Ken Daly 0-0: Called Strike
0-1: SINGLE (Groundball, 4M, EV 97.5 MPH) (infield hit)
Batting: RHB Sean McReynolds 0-0: Swinging Strike
0-1: Fielders Choice at 2nd, 3-6 (Groundball, 3D, EV 87.5 MPH)
Batting: LHB Evan Wilson 0-0: Ball
1-0: Grounds into double play, 4-6-3 (Groundball, 4, EV 101.2 MPH)
Bottom of the 7th over - 0 runs, 1 hit, 0 errors, 0 left on base; Seattle 2 - Washington 0
TOP OF THE 8TH
Seattle Pilots batting - Pitching for Washington Bats : RHP Brock Bumbarger
Batting: RHB Douglas Morrison 0-0: Fly out, F9 (Flyball, 9, EV 90.0 MPH)
Batting: LHB Cade McCormick 0-0: Foul Ball, location: 2F
0-1: Ball
1-1: Swinging Strike
1-2: Foul Ball, location: 2F
1-2: Ground out 6-3 (Groundball, 6MD, EV 110.6 MPH)
Batting: RHB Jerry Coleman 0-0: DOUBLE (Line Drive, 9LD, EV 112.5 MPH)
Batting: RHB Beau Pruett 0-0: Ball
1-0: Ball
2-0: SINGLE (Flyball, 8LS, EV 99.4 MPH)
Jerry Coleman to third
Runner from 3rd tries for Home, SAFE, throw by CF to home
Beau Pruett to second
Batting: LHB Ryan Carr 0-0: Ball
1-0: Called Strike
1-1: Foul Ball, location: 2F
1-2: Foul Ball, location: 2F
1-2: Ball
2-2: Ball
3-2: Reached on error, E3 (Groundball, 34S, EV 67.5 MPH)
Beau Pruett to third
Batting: RHB Karviar Smallwood 0-0: Called Strike
0-1: Swinging Strike
0-2: Foul Ball, location: 2F
0-2: Strikes out looking
Top of the 8th over - 1 run, 2 hits, 1 error, 2 left on base; Seattle 3 - Washington 0
BOTTOM OF THE 8TH
Washington Bats batting - Pitching for Seattle Pilots : LHP Conner Cook
Batting: SHB Josiah White 0-0: Called Strike
0-1: Ball
1-1: Ball
2-1: Foul Ball, location: 2F
2-2: Strikes out swinging
Batting: RHB Colby Toothaker 0-0: Ball
1-0: Called Strike
1-1: Ground out 1-3 (Groundball, 13, EV 68.1 MPH)
Batting: RHB Julian Ludin 0-0: Foul Ball, location: 2F
0-1: Ball
1-1: Ball
2-1: Swinging Strike
2-2: Fly out, F7 (Flyball, 78M, EV 81.9 MPH)
Bottom of the 8th over - 0 runs, 0 hits, 0 errors, 0 left on base; Seattle 3 - Washington 0
TOP OF THE 9TH
Seattle Pilots batting - Pitching for Washington Bats : RHP Brock Bumbarger
Batting: RHB Cole Kleiner 0-0: Called Strike
0-1: Ball
1-1: Swinging Strike
1-2: Foul Ball, location: 2F
1-2: Ball
2-2: Foul Ball, location: 2F
2-2: Fly out, F9 (Line Drive, 9, EV 90.6 MPH)
Batting: RHB Kynan Shaw 0-0: Swinging Strike
0-1: Called Strike
0-2: Foul Ball, location: 2F
0-2: Ball
1-2: Ball
2-2: Foul Ball, location: 2F
2-2: Strikes out looking
Batting: RHB Rice Mesyan 0-0: Ground out 6-3 (Groundball, 56, EV 102.5 MPH)
Top of the 9th over - 0 runs, 0 hits, 0 errors, 0 left on base; Seattle 3 - Washington 0
BOTTOM OF THE 9TH
Washington Bats batting - Pitching for Seattle Pilots : LHP Conner Cook
Pitching: LHP R.J. Gabriele
Batting: RHB Owen Dooley 0-0: Ground out 5-3 (Groundball, 56, EV 103.1 MPH)
Batting: RHB Hayden Jones 0-0: Ground out 5-3 (Groundball, 56, EV 102.5 MPH)
Batting: RHB Louis Hockney 0-0: Called Strike
0-1: Ball
1-1: Ground out 1-3 (Groundball, 13S, EV 75.0 MPH)
Bottom of the 9th over - 0 runs, 0 hits, 0 errors, 0 left on base; Seattle 3 - Washington 0
Saturday, March 23rd , 2024 - OOTP Baseball 23.10 Build 110